 Dungeon Crawl Stone Soup version 0.21.1-1-g345015f (webtiles) character file.

345 inc the Conjurer (level 6, 0/44 HPs)
             Began as a Gnoll Conjurer on June 8, 2018.
             Succumbed to an adder's poison
             ... while paralysed
             ... on level 4 of the Dungeon.
             The game lasted 00:07:08 (3214 turns).

inc the Conjurer (Gnoll Conjurer)                   Turns: 3214, Time: 00:07:09

Health: 0/44       AC:  7    Str: 10    XL:     6   Next: 58%
Magic:  1/14       EV:  2    Int: 20    God:
Gold:   268        SH:  0    Dex: 15    Spells: 12/15 levels left

rFire    . . .     SeeInvis .   t - +1 dagger (speed)
rCold    . . .     Gourm    .   (no shield)
rNeg     . . .     Faith    .   x - +0 ring mail
rPois    .         Spirit   .   w - +0 helmet
rElec    .         Reflect  .   (no cloak)
rCorr    .         Harm     .   (no gloves)
MR       .....                  e - +0 pair of boots
Stlth    ++........             (no amulet)
HPRegen  0.14/turn              (no ring)
MPRegen  0.14/turn              (no ring)

@: paralysed, lethally poisoned (0 -> -7), berserk cooldown, slowed
A: distributed training, fangs 1, strong nose
a: no special abilities


You were on level 4 of the Dungeon.
You were not hungry.

You visited 1 branch of the dungeon, and saw 4 of its levels.

You collected 268 gold pieces.

Inventory:

Hand Weapons
 d - a +0 dagger of draining
 o - a +0 flail
 t - a +1 dagger of speed (weapon)
 y - a +1 dagger of venom
Armour
 a - a +0 robe
 e - a +0 pair of boots (worn)
 r - a +0 leather armour of cold resistance
 w - a +0 helmet (worn)
 x - a +0 ring mail (worn)
Magical Staves
 v - an uncursed staff of wizardry
Jewellery
 m - an uncursed ring of flight {unknown}
 p - an uncursed ring of magical power {unknown}
Scrolls
 g - a scroll of random uselessness {unknown}
 h - 2 scrolls of teleportation {unknown}
 i - 3 scrolls of enchant armour {unknown}
 j - 6 scrolls of identify {unknown}
 l - a scroll of immolation {unknown}
 q - 2 scrolls of fear {unknown}
 s - 2 scrolls of magic mapping {unknown}
Potions
 f - a potion of flight {unknown}
 k - a potion of mutation {unknown}
 n - a potion of resistance
 u - a potion of berserk rage
 z - a potion of curing {unknown}
Books
 b - a book of Conjurations

   Spells                             Type                      Level
   a - Magic Dart                     Conjuration                  1
   b - Searing Ray                    Conjuration                  2
   c - Dazzling Spray                 Conjuration/Hexes            3
   d - Fulminant Prism                Conjuration/Hexes            4
   e - Force Lance                    Conjuration/Translocation    4
   f - Iskenderun's Mystic Blast      Conjuration                  4
Comestibles
 c - 4 rations
 A - 2 chunks of flesh


   Skills:
 + Level 2.0 Fighting
 + Level 2.0 Short Blades
 + Level 2.0 Long Blades
 + Level 2.0 Axes
 + Level 2.0 Maces & Flails
 + Level 2.0 Polearms
 + Level 2.0 Staves
 + Level 2.0 Slings
 + Level 2.0 Bows
 + Level 2.0 Crossbows
 + Level 2.0 Throwing
 + Level 2.0 Armour
 + Level 5.0 Dodging
 + Level 4.6 Stealth
 + Level 2.0 Shields
 + Level 2.0 Unarmed Combat
 + Level 5.4 Spellcasting
 + Level 7.3 Conjurations
 + Level 1.5 Hexes
 + Level 1.5 Charms
 + Level 1.5 Summonings
 + Level 1.5 Necromancy
 + Level 1.5 Translocations
 + Level 1.5 Transmutations
 + Level 1.5 Fire Magic
 + Level 1.5 Ice Magic
 + Level 1.5 Air Magic
 + Level 1.5 Earth Magic
 + Level 1.5 Poison Magic
 + Level 2.2 Invocations
 + Level 2.0 Evocations


You had 12 spell levels left.
You knew the following spells:

 Your Spells              Type           Power        Failure   Level  Hunger
a - Magic Dart            Conj           ####         1%          1    None
b - Searing Ray           Conj           ####..       1%          2    None


Dungeon Overview and Level Annotations

Branches:
Dungeon (4/15)
 Temple: D:4-7

Altars:
Gozag
Okawaru


Innate Abilities, Weirdness & Mutations

Your experience applies equally to all skills.
You have very sharp teeth.
Your uncanny sense of smell can sniff out nearby items.


Message History

You hit the adder.
The adder is moderately wounded.
The adder bites you.
* * * LOW HITPOINT WARNING * * *
You are lethally poisoned!
The adder poisons you!
You puncture the adder!
You kill the adder!
You are too berserk!
* * * LOW HITPOINT WARNING * * *
You feel sick.
You feel a strong urge to attack something.
* * * LOW HITPOINT WARNING * * *
You feel sick.
You feel your anger nearly subside.
You are no longer berserk.
You pass out from exhaustion.
You feel yourself slow down.
* * * LOW HITPOINT WARNING * * *
You feel sick.
You die...

..#.# #. . ∆ ...#######.
?. ### #..........
...####.. ..#######.
........# #......##.
#......##+#####..# #....
+................######.
#....†.)..........# #...
........@.......##.# #...
..######.[......##.###...
###)...####..##.(. ######
##.##... #####..#...
#......##.. #..........
#.......... #..........


There were no monsters in sight!

Vanquished Creatures
  The ghost of jamsan the Grasshopper, a weakling SpWr (D:3)
  2 orc priests
  An orc wizard (D:4)
  An iguana (D:4)
  Robin (D:2)
  5 adders
  4 gnolls (D:2)
  An ooze (D:3)
  An adder skeleton (D:4)
  A worm (D:3)
  A dart slug (D:1)
  A leopard gecko (D:3)
  9 orcs
  3 ball pythons
  3 giant cockroaches
  8 hobgoblins
  2 jackals (D:1)
  8 kobolds
  2 quokkas
  8 bats
  5 frilled lizards
  12 goblins
  7 rats
87 creatures vanquished.

Notes
Turn   | Place    | Note
-------+----------+-------------------------------------------
     0 | D:1      | inc the Gnoll Conjurer began the quest for the Orb.
     0 | D:1      | Reached XP level 1. HP: 13/13 MP: 6/6
   158 | D:1      | Reached XP level 2. HP: 19/19 MP: 5/7
   391 | D:1      | Reached XP level 3. HP: 25/25 MP: 2/9
   475 | D:1      | Reached skill level 5 in Spellcasting
   949 | D:2      | Reached skill level 1 in Invocations
   955 | D:2      | Reached skill level 1 in Fighting
   955 | D:2      | Reached skill level 1 in Short Blades
   955 | D:2      | Reached skill level 1 in Long Blades
   955 | D:2      | Reached skill level 1 in Axes
   955 | D:2      | Reached skill level 1 in Maces & Flails
   955 | D:2      | Reached skill level 1 in Polearms
   955 | D:2      | Reached skill level 1 in Staves
   955 | D:2      | Reached skill level 1 in Slings
   955 | D:2      | Reached skill level 1 in Bows
   955 | D:2      | Reached skill level 1 in Crossbows
   955 | D:2      | Reached skill level 1 in Throwing
   955 | D:2      | Reached skill level 1 in Armour
   955 | D:2      | Reached skill level 1 in Shields
   955 | D:2      | Reached skill level 1 in Unarmed Combat
   955 | D:2      | Reached skill level 1 in Evocations
   955 | D:2      | Reached XP level 4. HP: 6/32 MP: 2/11
   970 | D:1      | Learned a level 2 spell: Searing Ray
  1585 | D:2      | Reached skill level 1 in Hexes
  1585 | D:2      | Reached skill level 1 in Charms
  1585 | D:2      | Reached skill level 1 in Summonings
  1585 | D:2      | Reached skill level 1 in Necromancy
  1585 | D:2      | Reached skill level 1 in Translocations
  1585 | D:2      | Reached skill level 1 in Transmutations
  1585 | D:2      | Reached skill level 1 in Fire Magic
  1585 | D:2      | Reached skill level 1 in Ice Magic
  1585 | D:2      | Reached skill level 1 in Air Magic
  1585 | D:2      | Reached skill level 1 in Earth Magic
  1585 | D:2      | Reached skill level 1 in Poison Magic
  1675 | D:2      | Noticed Robin
  1679 | D:2      | Killed Robin
  1679 | D:2      | Reached XP level 5. HP: 37/37 MP: 6/12
  2084 | D:3      | Found an iron altar of Okawaru.
  2434 | D:3      | Noticed jamsan's ghost (weakling SpWr)
  2448 | D:3      | Killed jamsan's ghost
  2564 | D:3      | Found an opulent altar of Gozag.
  2592 | D:3      | Reached XP level 6. HP: 44/44 MP: 11/13
  3177 | D:4      | Reached skill level 5 in Dodging
  3210 | D:4      | HP: 3/66 [poisoned by an adder]
  3213 | D:4      | HP: 1/44 [poisoned by an adder]
  3214 | D:4      | Succumbed to an adder's poison

Skill      XL: |  1  2  3  4  5  6 |
---------------+-------------------+-----
Spellcasting   | 5 |  5.4
Invocations    | 1 2 |  2.2
Fighting       | 1 2 |  2.0
Short Blades   | 1 2 |  2.0
Long Blades    | 1 2 |  2.0
Axes           | 1 2 |  2.0
Maces & Flails | 1 2 |  2.0
Polearms       | 1 2 |  2.0
Staves         | 1 2 |  2.0
Slings         | 1 2 |  2.0
Bows           | 1 2 |  2.0
Crossbows      | 1 2 |  2.0
Throwing       | 1 2 |  2.0
Armour         | 1 2 |  2.0
Shields        | 1 2 |  2.0
Unarmed Combat | 1 2 |  2.0
Evocations     | 1 2 |  2.0
Hexes          | 1 |  1.5
Charms         | 1 |  1.5
Summonings     | 1 |  1.5
Necromancy     | 1 |  1.5
Translocations | 1 |  1.5
Transmutations | 1 |  1.5
Fire Magic     | 1 |  1.5
Ice Magic      | 1 |  1.5
Air Magic      | 1 |  1.5
Earth Magic    | 1 |  1.5
Poison Magic   | 1 |  1.5
Dodging        | 5 |  5.0
Stealth        | |  4.6
Conjurations   | |  7.3

Action                   |  1- 3 |  4- 6 || total
-------------------------+-------+-------++-------
Melee: Dagger            |    13 |    17 ||    30
       Bite              |     2 |     3 ||     5
       Flail             |       |     2 ||     2
 Cast: Magic Dart        |    51 |   109 ||   160
       Searing Ray       |       |     4 ||     4
  Use: Potion            |       |     1 ||     1
 Stab: Sleeping          |       |     2 ||     2
  Eat: Chunk             |       |     7 ||     7
Armor: Robe              |     3 |       ||     3
       Leather armour    |       |     2 ||     2
Dodge: Dodged            |    23 |    17 ||    40
